 Dungeon Crawl Stone Soup version 0.17-a0-877-ga10078a (webtiles) character file.

8610 hornqvist the Unseen (level 11, -6/64 HPs)
             Began as an Octopode Assassin on Apr 30, 2015.
             Was an Initiate of Gozag.
             Mangled by a troll (13 damage)
             ... on level 11 of the Dungeon.
             The game lasted 00:32:38 (14185 turns).

hornqvist the Unseen (Octopode Assassin)           Turns: 14185, Time: 00:32:38

Health: -6/64      AC:  7    Str: 18    XL:     11   Next: 33%
Magic:  20/20      EV: 13    Int: 13    God:    Gozag
Gold:   350        SH: 24    Dex: 13    Spells: 0 memorised, 10 levels left

rFire  . . .     SeeInvis +     y - +4 flail (protect)
rCold  . . .     Clarity  .     n - +8 large shield of the Blessed Realm {Str+3}
rNeg   + . .     SustAb   .     (helmet restricted)
rPois  +         Gourm    .     a - amulet of faith
rElec  .         Spirit   .     f - ring of positive energy
rCorr  .         Warding  .     p - ring of see invisible
rMut   .         Stasis   .     k - ring of magical power
MR     .....                    (no ring)
Stlth  ++++++++..               O - +1 ring of protection
                                (no ring)
                                (no ring)
                                (no ring)

@: not resistant to hostile enchantments, extraordinarily stealthy
A: almost no armour, amphibious, 8 rings, constrict 8, camouflage 1, poison
resistance, gelatinous body 1
a: Potion Petition, Call Merchant, Bribe Branch, Renounce Religion


You were on level 11 of the Dungeon.
You worshipped Gozag.
Gozag was noncommittal.
You were not hungry.

You visited 1 branch of the dungeon, and saw 11 of its levels.
You also visited: Ossuary.

You collected 2005 gold pieces.
You spent 511 gold pieces at shops.
You paid 1144 gold pieces to Gozag.

Inventory:

Hand weapons
 b - a +0 blowgun
 y - a +4 flail of protection (weapon)
 B - a +0 dagger of venom
Missiles
 c - 72 poisoned needles
 d - 2 curare-tipped needles
Armour
 n - the +8 large shield of the Blessed Realm (worn) {Str+3}
   (You bought it in a shop on level 8 of the Dungeon)

   It affects your strength (+3).
Jewellery
 a - an amulet of faith (around mantle)
 f - a ring of positive energy (left tentacle)
 k - a ring of magical power (on tentacle)
 o - an uncursed amulet of resist corrosion {unknown}
 p - a ring of see invisible (right tentacle)
 O - a +1 ring of protection (on tentacle)
Magical devices
 l - a wand of cold (3)
 r - a wand of frost (14)
 v - a wand of magic darts (28)
 x - a wand of fireball (9)
 C - a wand of fireball (11)
 G - a wand of frost (17)
 J - a wand of paralysis (8)
Scrolls
 g - a scroll of teleportation
 i - 12 scrolls of identify
 j - 2 scrolls of enchant armour
 m - 3 scrolls of fog
 t - a scroll of immolation
 u - 4 scrolls of noise
 w - 3 scrolls of remove curse
 F - a scroll of magic mapping
 L - a scroll of brand weapon {unknown}
 N - a scroll of acquirement {unknown}
Potions
 z - 2 potions of berserk rage {unknown}
 A - 2 potions of mutation {unknown}
 D - a potion of flight
 E - a potion of brilliance {unknown}
 H - 3 potions of curing
 I - 3 potions of cancellation {unknown}
 M - a potion of magic
Books
 K - a book of Dreams

   Spells                             Type                      Level
   a - Ensorcelled Hibernation        Hexes/Ice                    2
   b - Flight                         Charms/Air                   3
   c - Phase Shift                    Translocation                5
   d - Shadow Creatures               Summoning                    5
   e - Mass Confusion                 Hexes                        6
   f - Darkness                       Hexes                        7
Comestibles
 e - 4 bread rations
 h - 4 meat rations


   Skills:
 - Level 2.0 Fighting
 - Level 2.0 Maces & Flails
 - Level 2.0 Throwing
 + Level 8.9 Dodging
 + Level 16.6 Stealth
 * Level 8.5 Shields


You had 10 spell levels left.
You didn't know any spells.

Dungeon Overview and Level Annotations

Branches:
Dungeon (11/15)            Temple (0/1) D:4            Lair (0/8) D:9
    Orc (0/4) D:9

Altars:
Gozag
Ru
Trog
Vehumet
Yredelemnul
Zin
The Shining One

Shops:
D:3 *   D:7 :   D:8 *   D:9 *   D:11 =

Portals:
Ice
Cave: D:11


Innate Abilities, Weirdness & Mutations

You cannot wear most types of armour.
You are amphibious.
You can wear up to eight rings at the same time.
You can use your tentacles to constrict eight enemies at once.
Your skin changes colour to match your surroundings (Stealth).
Your rubbery body absorbs attacks (AC +1).
Your system is resistant to poisons.


Message History

* * * LOW HITPOINT WARNING * * *
You block the troll's attack.
You take 24 damage, and have 18/64 hp.
MASSIVE DAMAGE!!
You thump the troll! You block the troll's attack.
You block the troll's attack. The troll claws you!
* * * LOW HITPOINT WARNING * * *
You take 8 damage, and have 10/64 hp.
You hit the troll. You squeeze the troll. The troll misses you.
You block the troll's attack. x2
You barely miss the troll. You squeeze the troll.
The crackling of melting ice is subsiding rapidly.
You block the troll's attack. x2
The troll barely misses you.
You hit the troll. You squeeze the troll. You block the troll's attack.
The troll claws you but does no damage. The troll claws you.
* * * LOW HITPOINT WARNING * * *
You block the troll's attack. x2
The troll claws you!
You die...
Your body crumbles into a pile of gold.

........#####.. ........
#.. ...y..# #.. #.....
#.. ....# #.. ## #.. #..
$ .. #.# ###. ###.####.#
#...
#...T@...##########...
.....#.####..............
. # #.##..(...##.).
#.##....#.##...
#.##.##.#.##.##
#.......#.##...
#.......#.####.
####.##.#.# . #......# .


You could see a troll.

Vanquished Creatures
  A tengu warrior (D:10)
  3 hill giants
  An orb spider (shapeshifter) (D:10)
  A cyclops (D:11)
  A gargoyle (D:9)
  2 komodo dragons (D:9)
  Prince Ribbit (D:8)
  Sigmund (D:3)
  A shadow (D:11)
  A hungry ghost (D:10)
  2 deep elf magi
  A wyvern (D:10)
  A wasp (D:8)
  A swamp drake (D:9)
  2 orc warriors (D:7)
  2 ice beasts (D:11)
  2 phantoms
  4 centaurs
  3 sky beasts
  4 giant frogs
  A crocodile (D:9)
  7 ogres
  2 big kobolds
  Blork the orc (D:6)
  2 scorpions
  2 wights (D:6)
  A killer bee (D:11)
  4 crimson imps
  3 jellies
  3 hounds
  2 centaur skeletons
  4 giant frog skeletons
  3 orc priests
  6 iguanas
  7 worker ants
  3 orc wizards
  2 hound skeletons
  2 worker ant zombies (D:8)
  19 adders
  6 gnolls
  2 shadow imps (D:5)
  An ooze (D:4)
  An adder zombie (D:8)
  4 adder skeletons
  5 giant geckos
  22 orcs
  2 bat skeletons (D:4)
  4 giant cockroaches
  6 goblins
  17 hobgoblins
  22 kobolds
  3 quokkas (D:5)
  2 ball pythons
  15 bats
  A giant cockroach zombie (D:5)
  A giant gecko zombie (D:7)
  5 giant newts
  16 jackals
  A jackal zombie (D:5)
  A quokka skeleton (D:4)
  16 rats
262 creatures vanquished.

Vanquished Creatures (others)
  A giant spore (D:7)
1 creature vanquished.

Grand Total: 263 creatures vanquished

Notes
Turn   | Place    | Note
--------------------------------------------------------------
     0 | D:1      | hornqvist, the Octopode Assassin, began the quest for the Orb.
     0 | D:1      | Reached XP level 1. HP: 14/14 MP: 1/1
    89 | D:1      | Reached XP level 2. HP: 16/19 MP: 2/2
   317 | D:1      | Reached skill level 6 in Stealth
   728 | D:2      | Reached XP level 3. HP: 24/24 MP: 3/3
  1675 | D:2      | Reached skill level 7 in Stealth
  1675 | D:2      | Reached XP level 4. HP: 20/29 MP: 4/4
  2441 | D:3      | Reached XP level 5. HP: 12/34 MP: 5/5
  2443 | D:3      | Reached skill level 1 in Shields
  2790 | D:3      | Noticed Sigmund
  2809 | D:3      | Killed Sigmund
  2809 | D:3      | Reached skill level 8 in Stealth
  2809 | D:3      | Reached XP level 6. HP: 29/39 MP: 6/6
  2899 | D:3      | Found an opulent altar of Gozag.
  2909 | D:3      | Became a worshipper of Gozag Ym Sagoz the Greedy
  3027 | D:3      | Found Zin's Purification Station.
  3035 | D:3      | Found a glowing silver altar of Zin.
  3399 | D:4      | Reached skill level 9 in Stealth
  3553 | D:4      | Found a staircase to the Ecumenical Temple.
  3869 | D:4      | Reached XP level 7. HP: 39/45 MP: 7/7
  4112 | D:4      | Found a glowing golden altar of the Shining One.
  4184 | D:4      | Reached skill level 10 in Stealth
  4725 | D:5      | Entered Level 5 of the Dungeon
  5391 | D:5      | Reached XP level 8. HP: 40/50 MP: 8/8
  6181 | D:5      | Reached skill level 11 in Stealth
  6497 | D:6      | Found an opulent altar of Gozag.
  6501 | D:6      | Found a sacrificial altar of Ru.
  6637 | D:6      | Reached skill level 5 in Dodging
  6762 | D:6      | Reached skill level 1 in Maces & Flails
  6766 | D:6      | Found a sand-covered staircase.
  6774 | Ossuary  | Entered an ossuary
  6774 | Ossuary  | Noticed namelastname112's ghost (experienced DrHu)
  6778 | Ossuary  | Gained mutation: Your system is resistant to poisons. [potion of beneficial mutation]
  6994 | D:6      | Noticed Blork the orc
  7002 | D:6      | Killed Blork the orc
  8605 | D:7      | Found Oxeugab's Book Shoppe.
  8657 | D:7      | Reached skill level 12 in Stealth
  8673 | D:7      | Reached XP level 9. HP: 35/54 MP: 9/9
  8803 | D:7      | Reached skill level 5 in Shields
  9415 | D:8      | Found a basalt altar of Yredelemnul.
  9416 | D:8      | Found Wukosiam's Assorted Antiques.
  9436 | D:8      | Bought a jewelled large shield for 323 gold pieces
  9446 | D:8      | Identified the +8 large shield of the Blessed Realm {Str+3} (You bought it in a shop on level 8 of the Dungeon)
  9936 | D:8      | Reached skill level 13 in Stealth
 10032 | D:8      | Noticed Prince Ribbit
 10040 | D:8      | Killed Prince Ribbit
 10830 | D:9      | Found a radiant altar of Vehumet.
 10830 | D:9      | Found a bloodstained altar of Trog.
 10899 | D:9      | Found a staircase to the Orcish Mines.
 10979 | D:9      | Found Ulutsorph's Assorted Antiques.
 10984 | D:9      | Bought a large pearl amulet for 140 gold pieces
 11059 | D:9      | Reached skill level 14 in Stealth
 11059 | D:9      | Reached XP level 10. HP: 60/60 MP: 10/10
 11063 | D:9      | Noticed a komodo dragon
 11075 | D:9      | Killed a komodo dragon
 11116 | D:9      | Noticed a komodo dragon
 11124 | D:9      | Killed a komodo dragon
 11131 | D:9      | Found a staircase to the Lair.
 11414 | D:10     | Entered Level 10 of the Dungeon
 11465 | D:10     | Noticed a hill giant
 11481 | D:10     | Killed a hill giant
 11676 | D:9      | Noticed a gargoyle
 11692 | D:9      | Killed a gargoyle
 11692 | D:9      | Reached skill level 15 in Stealth
 11732 | D:9      | Noticed a fire dragon
 11796 | D:10     | Noticed a tengu warrior
 11847 | D:10     | HP: 2/60 [hungry ghost (4)]
 12436 | D:10     | Noticed a hill giant
 12452 | D:10     | Killed a hill giant
 12798 | D:10     | Noticed an orb spider
 12802 | D:10     | Killed an orb spider
 12867 | D:10     | Killed a tengu warrior
 12867 | D:10     | Reached skill level 16 in Stealth
 12867 | D:10     | Reached XP level 11. HP: 33/64 MP: 11/11
 13568 | D:11     | Found a labyrinth entrance.
 13604 | D:11     | Noticed a hill giant
 13619 | D:11     | Killed a hill giant
 13642 | D:11     | Found Kadwuj's Jewellery Boutique.
 13754 | D:11     | Bought a +1 ring of protection for 48 gold pieces
 13826 | D:11     | Found a frozen archway.
 14185 | D:11     | Mangled by a troll

Action                   |  1- 3 |  4- 6 |  7- 9 | 10-12 || total
-------------------------+-------+-------+-------+-------++-------
Melee: Dagger            |    62 |    68 |   105 |    11 ||   246
       Flail             |       |       |   285 |   183 ||   468
 Fire: Blowgun           |     6 |    24 |    23 |    12 ||    65
Invok: Call Merchant     |       |       |     1 |     1 ||     2
  Use: Scroll            |       |       |     8 |    12 ||    20
       Potion            |       |       |     5 |     2 ||     7
 Stab: Sleeping          |     9 |    12 |    49 |    18 ||    88
       Distracted        |       |       |     3 |     1 ||     4
  Eat: Chunk             |     2 |     5 |       |       ||     7
       Fruit             |       |     2 |     4 |     3 ||     9
       Pizza             |       |       |     2 |       ||     2
       Beef jerky        |       |       |     2 |     1 ||     3
       Bread ration      |       |       |     2 |     1 ||     3
       Royal jelly       |       |       |     1 |     1 ||     2
       Meat ration       |       |       |     1 |       ||     1
